 Dungeon Crawl Stone Soup version 0.23-a0-307-gc3b755d (webtiles) character file.

35 iamserjio the Gusty (level 3, 0/20 HPs)
             Began as a Tengu Air Elementalist on Oct 10, 2018.
             Slain by a jackal (2 damage)
             ... on level 2 of the Dungeon.
             The game lasted 00:03:14 (459 turns).

iamserjio the Gusty (Tengu Air Elementalist)         Turns: 459, Time: 00:03:15

Health: 0/20       AC:  2    Str:  8    XL:     3   Next: 35%
Magic:  1/7        EV: 12    Int: 16    God:
Gold:   28         SH:  0    Dex: 14    Spells: 5/6 levels left

rFire    . . .     SeeInvis .     - Unarmed
rCold    . . .     Gourm    .   (no shield)
rNeg     . . .     Faith    .   a - +0 robe
rPois    .         Spirit   .   (helmet restricted)
rElec    .         Reflect  .   (no cloak)
rCorr    .         Harm     .   (no gloves)
MR       .....                  (boots unavailable)
Stlth    ++........             (no amulet)
HPRegen  0.06/turn              (no ring)
MPRegen  0.10/turn              (no ring)

@: no status effects
A: beak, talons 3
a: no special abilities


You were on level 2 of the Dungeon.
You were not hungry.

You visited 1 branch of the dungeon, and saw 2 of its levels.

You collected 28 gold pieces.

Inventory:

Missiles
 b - 26 arrows
Armour
 a - a +0 robe (worn)
 g - a +0 ring mail
Jewellery
 d - an uncursed ring of protection from magic {unknown}
Scrolls
 e - 2 scrolls of identify {unknown}
 f - a scroll of noise {unknown}
Comestibles
 c - 2 rations
 h - 2 chunks of flesh


   Skills:
 + Level 1.1 Fighting
 - Level 2.1 Dodging
 - Level 2.0 Stealth
 * Level 2.0 Unarmed Combat
 - Level 2.0 Spellcasting
 - Level 2.0 Conjurations
 + Level 4.4 Air Magic


You had 5 spell levels left.
You knew the following spells:

 Your Spells              Type           Power        Failure   Level  Hunger
a - Shock                 Conj/Air       ##..         5%          1    #......

Your spell library contained the following spells:

 Spells                   Type           Power        Failure   Level  Hunger
 Swiftness                Chrm/Air       #.......     13%         2    ###....
 Static Discharge         Conj/Air       ##......     17%         3    ###....
 Airstrike                Air            ###.......   32%         4    #####..
 Lightning Bolt           Conj/Air       ##........   83%         5    ######.


Dungeon Overview and Level Annotations

Branches:
Dungeon (2/15)

Altars:
The Shining One


Innate Abilities, Weirdness & Mutations

You have a beak for a mouth.
You have claws for feet.


Message History

Casting: Shock (safe; 5% risk of failure)
Aiming: Shock (safe; 5% risk of failure)
Aim: a jackal The zap hits the jackal.
The jackal barely misses you. x2
Casting: Shock (safe; 5% risk of failure)
You don't have enough magic to cast that spell.
You hit the jackal. The jackal misses you.
You hit the jackal but do no damage. You claw the jackal, but do no damage.
The jackal misses you.
You barely miss the jackal. Your peck misses the jackal.
The jackal barely misses you. x2
You hit the jackal but do no damage. You claw the jackal.
The jackal bites you but does no damage.
You miss the jackal. The jackal misses you.
The jackal bites you but does no damage.
You hit the jackal. The jackal bites you.
* * * LOW HITPOINT WARNING * * *
You closely miss the jackal. You punch the jackal, but do no damage.
The jackal bites you.
You die...

#..## ## #...#
.. ...## #.
...## #. ....#
#<## ....## ..#
.....# #†#
....## #h#
....# #@# ....#
#.# #..## #÷#
#..## #.# #...#
#.# ...##
#######.###
..##
..........#
..##
.......(..#####
...#
#######........


You could see a jackal.

Vanquished Creatures
  An ooze (D:1)
  A worm (D:2)
  A leopard gecko (D:2)
  3 giant cockroaches
  4 goblins
  A hobgoblin (D:1)
  3 jackals (D:2)
  3 bats (D:2)
  A frilled lizard (D:2)
  3 kobolds (D:1)
  4 rats
25 creatures vanquished.

Notes
Turn   | Place    | Note
-------+----------+-------------------------------------------
     0 | D:1      | iamserjio the Tengu Air Elementalist began the quest for
                  | the Orb.
     0 | D:1      | Reached XP level 1. HP: 10/10 MP: 4/4
    37 | D:1      | Reached XP level 2. HP: 12/16 MP: 0/6
    47 | D:1      | Reached skill level 1 in Unarmed Combat
   327 | D:2      | Found a glowing golden altar of the Shining One.
   349 | D:2      | Reached XP level 3. HP: 8/20 MP: 0/7
   398 | D:2      | Reached skill level 1 in Fighting
   459 | D:2      | Slain by a jackal

Vault maps used:
D:1:      arrival_zaba_pyramid
D:2:      old_standard_altar, dancing_weapons_uskayaw,
          nicolae_tso_carved_into_rock, first_ration

Skill      XL: |  1  2  3 |
---------------+----------+-----
Unarmed Combat | 1 2 |  2.0
Conjurations   | 2 |  2.0
Fighting       | 1 |  1.1
Dodging        | |  2.1
Stealth        | |  2.0
Spellcasting   | |  2.0
Air Magic      | |  4.4

Action                   || total
-------------------------++-------
Melee: Unarmed           ||    58
       Kick              ||    19
       Peck              ||     6
       Punch             ||     2
 Cast: Shock             ||    31
 Stab: Sleeping          ||     1
Armor: Robe              ||     5
Dodge: Dodged            ||    50

Table legend:
 A = Non-vault XP
 B = Vault XP
 C = Vault XP percentage of total XP
 D = Non-vault monster count
 E = Vault monster count
 F = Vault count percentage of total count
                 A         B        C        D         E       F
            +---------+---------+-------+---------+---------+-------
      Total |      51 |       0 |   0.0 |      25 |       0 |   0.0
            +---------+---------+-------+---------+---------+-------
        D:1 |      26 |       0 |   0.0 |      13 |       0 |   0.0
        D:2 |      25 |       0 |   0.0 |      12 |       0 |   0.0
            +---------+---------+-------+---------+---------+-------
